 Dungeon Crawl Stone Soup version 0.28-a0-751-gef3a642a4e (webtiles) character file.

Game seed: 15977259332237915802

183 MacCMillion the Conjurer (level 5, -2/38 HPs)
             Began as a Demigod Conjurer on Oct 30, 2021.
             Slain by a black bear (5 damage)
             ... on level 4 of the Dungeon.
             The game lasted 00:12:52 (3726 turns).

MacCMillion the Conjurer (Demigod Conjurer)         Turns: 3726, Time: 00:12:53

Health: -2/38      AC:  2    Str:  8    XL:     5   Next: 13%
Magic:  2/11       EV: 12    Int: 24    God:
Gold:   129        SH:  0    Dex: 12    Spells: 2/9 levels left

rFire   . . .      SeeInvis .   m - +3 short sword (speed)
rCold   . . .      Faith    .   (no shield)
rNeg    . . .      Spirit   .   a - +0 robe
rPois   .          Reflect  .   (no helmet)
rElec   .          Harm     .   (no cloak)
rCorr   .          Rampage  .   (no gloves)
Will    .....                   (no boots)
Stlth   ++........              (no amulet)
HPRegen 0.12/turn               (no ring)
MPRegen 0.12/turn               (no ring)

@: no status effects
A: high mp 1, forlorn
a: no special abilities


You were on level 4 of the Dungeon.
You visited 1 branch of the dungeon, and saw 4 of its levels.

You collected 129 gold pieces.

Inventory:

Hand Weapons
 e - a +0 dagger
 m - a +3 short sword of speed (weapon)
Missiles
 o - 9 poisoned darts
Armour
 a - a +0 robe (worn)
Jewellery
 h - a ring of positive energy
Scrolls
 d - a scroll of amnesia {unknown}
 i - 3 scrolls of identify {unknown}
 j - a scroll of fog {unknown}
 k - a scroll of enchant armour {unknown}
Potions
 b - 2 potions of might {unknown}
 c - a potion of cancellation {unknown}
 f - 3 potions of curing {unknown}
 g - 2 potions of heal wounds {unknown}
 l - 2 potions of resistance {unknown}
 n - a potion of flight {unknown}


   Skills:
 - Level 1.8 Dodging
 - Level 3.0 Stealth
 + Level 2.5 Spellcasting
 + Level 5.1 Conjurations
 - Level 0.3 Translocations


You had 2 spell levels left.
You knew the following spells:

 Your Spells              Type           Power      Damage    Failure   Level
a - Magic Dart            Conj           100%       1d8       1%          1
b - Searing Ray           Conj           56%        2d6       1%          2
c - Iskenderun's Mystic   Conj/Tloc      16%        2d5       36%         4

Your spell library contained the following spells:

 Spells                   Type           Power      Damage    Failure   Level
 Dazzling Flash           Conj/Hex       30%        N/A       12%         3
 Fulminant Prism          Conj/Hex       7%         3d7       36%         4


Dungeon Overview and Level Annotations

Branches:
Dungeon (4/15)
 Temple: D:4-7

Annotations:
D:3 Pargi


Innate Abilities, Weirdness & Mutations

Your attributes grow dramatically as you level up.
You have an increased reservoir of magic. (+10% MP)
You shall have no god before yourself.


Message History

The dart slug is heavily wounded.
The searing ray hits the black bear.
The black bear is lightly wounded. (Press . to maintain the ray.)
The dart slug barely misses you.
The searing ray hits the dart slug!
You kill the dart slug!
The searing ray hits the black bear.
The black bear is moderately wounded.
The searing ray misses the black bear.
The black bear closely misses you. The black bear claws you.
The black bear closely misses you.
The searing ray hits the black bear.
The black bear is heavily wounded.
You finish channelling your searing ray.
The black bear bites you. The black bear closely misses you. x2
Casting: Searing Ray (safe; 1% risk of failure)
Confirm with . or Enter, or press ? or * to list all spells.
Aiming: Searing Ray (safe; 1% risk of failure)
Press: ? - help, Shift-Dir - straight line, f/p - black bear
Aim: a black bear (heavily wounded, 85% to hit)
The searing ray hits the black bear.
The black bear is severely wounded. (Press . to maintain the ray.)
The black bear closely misses you. The black bear barely misses you.
The black bear claws you.
The searing ray hits the black bear.
The black bear is severely wounded.
The black bear bites you. The black bear claws you. x2
The searing ray hits the black bear.
The black bear is almost dead.
The black bear goes berserk!
The searing ray hits the black bear.
The black bear is almost dead.
You finish channelling your searing ray.
The black bear bites you!
* * * LOW HITPOINT WARNING * * *
The black bear claws you.
* * * LOW HITPOINT WARNING * * *
The black bear claws you.
You die...

#.# #. #.# #. #[# ..
##'## # #? ##...##
##.###. ##.....## #
....... ##......>## ##
#.#...####.........####.
#.....h@.'..)......'....
#.#...####.........####.
##.# ##.......## ## ##
##.....## # ##...## #
##+## # # # #


You could see a black bear (berserk).

Vanquished Creatures
  A water moccasin skeleton (D:4)
  Jessica (D:2)
  A gnoll (D:4)
  3 adders (D:2)
  A worm (D:2)
  A dart slug (D:4)
  An orc (D:4)
  6 ball pythons
  4 endoplasms
  2 giant cockroaches (D:1)
  6 goblins
  5 hobgoblins
  4 jackals (D:2)
  7 quokkas
  5 bats
  2 frilled lizards
  8 kobolds
  3 rats
61 creatures vanquished.

Vanquished Creatures (others)
  2 withered plants (D:3)
2 creatures vanquished.

Grand Total: 63 creatures vanquished

Notes
Turn   | Place    | Note
-------+----------+-------------------------------------------
     0 | D:1      | MacCMillion the Demigod Conjurer began the quest for the
                  | Orb.
     0 | D:1      | Reached XP level 1. HP: 14/14 MP: 5/5
   358 | D:1      | Reached XP level 2. HP: 20/20 MP: 4/7
   359 | D:1      | Reached skill level 4 in Conjurations
   399 | D:1      | Learned a level 2 spell: Searing Ray
  1195 | D:2      | Reached XP level 3. HP: 25/26 MP: 5/8
  2088 | D:2      | Noticed Jessica
  2104 | D:2      | Killed Jessica
  2105 | D:2      | Reached XP level 4. HP: 33/33 MP: 4/9
  2110 | D:2      | Learned a level 4 spell: Iskenderun's Mystic Blast
  2342 | D:3      | Noticed Pargi
  3485 | D:4      | Reached skill level 5 in Conjurations
  3485 | D:4      | Reached XP level 5. HP: 21/38 MP: 1/11
  3715 | D:4      | Noticed a black bear
  3726 | D:4      | Slain by a black bear

Illustrated notes

Levels and vault maps discovered:
D:1:      dpeg_arrival_rhombus, layout_basic
D:2:      layout_basic, shapermc_ecumenical_altar_starsandcircs, uniq_jessica
D:3:      cheibrodos_helix_gallery, layout_rooms, kiku_gazebo_garden_becter,
          eino_curves_02, chequers_serial_rivers_small_a, uniq_pargi
D:4:      layout_loops_corners, general_overflow_altar

Skill      XL: |  1  2  3  4 |
---------------+-------------+-----
Spellcasting   | 2 |  2.5
Conjurations   | 4 5 |  5.1
Stealth        | 2 3 |  3.0
Dodging        | |  1.8
Translocations | |  0.3

Action                   |  1- 3 |  4- 6 || total
-------------------------+-------+-------++-------
Melee: Dagger            |     7 |     2 ||     9
 Cast: Magic Dart        |    65 |    29 ||    94
       Searing Ray       |     8 |     9 ||    17
Armor: Robe              |     5 |     7 ||    12
Dodge: Dodged            |    16 |    24 ||    40

Table legend: (Time is in decaauts)
 A = Elapsed time spent in this place.
 B = Non-inter-level travel time spent in this place.
 C = Inter-level travel time spent in this place.
 D = Time resting spent in this place.
 E = Time spent auto-exploring this place.
 F = Levels seen in this place.
 G = Mean time per level.
                   A        B        C        D        E       F      G
               +--------+--------+--------+--------+--------+-----+--------+
         Total |   3728 |   3553 |    175 |    830 |   2127 |   4 |  932.0 |
       Dungeon |   3728 |   3553 |    175 |    830 |   2127 |   4 |  932.0 |
               +--------+--------+--------+--------+--------+-----+--------+

Top non-repeatable levels by time:
     D:2: 1598 daAuts
     D:1: 1127 daAuts
     D:4: 528 daAuts
     D:3: 474 daAuts
